 Dungeon Crawl Stone Soup version 0.32-a0-675-gdc239d62e1 (webtiles) character file.

Game seed: 6628751621995889677

6 zenocrate the Digger (level 1, 0/14 HPs)
             Began as a Ghoul Earth Elementalist on Mar 12, 2024.
             Slain by a quokka (1 damage)
             ... on level 1 of the Dungeon.
             The game lasted 00:00:13 (193 turns).

zenocrate the Digger (Ghoul Earth Elementalist)      Turns: 193, Time: 00:00:14

Health: 0/14       AC:  2    Str: 11    XL:     1   Next: 90%
Magic:  3/3        EV: 12    Int: 14    God:
Gold:   14         SH:  0    Dex:  9    Spells: 2/3 levels left

rFire   . .          .
                       - Unarmed
rCold   + . .        (no shield)
rNeg    + + +        a - +0 robe
rPois   ∞            (no helmet)
rElec   .            (no cloak)
rCorr   .            (no gloves)
SInv    .            (no boots)
Will    .....        (no amulet)
Stlth   ++           (no ring)
HPRegen 0.00/turn    (no ring)
MPRegen 0.08/turn

%: no passive effects
@: inhibited regen
A: claws 1, cold resistance 1, negative energy resistance 3, inhibited
regeneration, torment resistance 2, devour on kill
a: no special abilities


You were on level 1 of the Dungeon.
You visited 1 branch of the dungeon, and saw 1 of its levels.

You collected 14 gold pieces.

Inventory:

Armour
 a - a +0 robe (worn)
Potions
 b - a potion of magic


   Skills:
 - Level 1.7 Dodging
 - Level 2.1 Stealth
 + Level 1.5 Unarmed Combat
 - Level 1.7 Spellcasting
 - Level 0.7 Conjurations
 - Level 3.2 Earth Magic


You had 2 spell levels left.
You knew the following spells:

 Your Spells              Type           Power      Damage    Failure   Level
a - Sandblast             Erth           20%        2d7       6%          1

Your spell library contained the following spells:

 Spells                   Type           Power      Damage    Failure   Level
 Passwall                 Erth           10%        N/A       19%         3
 Stone Arrow              Conj/Erth      12%        3d7       32%         3
 Brom's Barrelling Bould  Conj/Erth      6%         2d3       71%         4
 Petrify                  Alch/Erth      5%         N/A       77%         4


Dungeon Overview and Level Annotations

Branches:
Dungeon (1/15)

Altars:


Innate Abilities, Weirdness & Mutations

You are immune to poison.
You have sharp fingernails.
Your flesh is cold resistant. (rC+)
You are immune to negative energy. (rN+++)
You do not regenerate when monsters are visible.
You are immune to unholy pain and torment.
You thrive by killing the living.


Message History

The ball python is moderately wounded.
The ball python bites you. The ball python barely misses you.
You completely miss the ball python.
The ball python is moderately wounded.
The ball python bites you.
You scratch the ball python.
You kill the ball python!
You feel better.
No target in view!
No target in view!
You open the door.
There is an open door here.
You open the door.
There is an open door here.
A ball python comes into view.
A quokka comes into view.
There are monsters nearby!
There are monsters nearby!
There are monsters nearby!
You miss the quokka. The quokka bites you.
The ball python bites you but does no damage.
The ball python grabs you. The ball python constricts you.
You scratch the ball python but do no damage.
The quokka bites you but does no damage.
The ball python bites you but does no damage.
The ball python constricts you.
You scratch the ball python.
The ball python is moderately wounded.
The quokka twitches its whiskers.
The quokka bites you. The ball python bites you.
* * * LOW HITPOINT WARNING * * *
The ball python constricts you.
* * * LOW HITPOINT WARNING * * *
The quokka bites you but does no damage.
You escape the ball python's grasp.
The quokka attacks as it pursues you! The quokka bites you.
* * * LOW HITPOINT WARNING * * *
The quokka twitches its whiskers.
The quokka attacks as it pursues you! The quokka bites you.
You die...

#.##.##)# #.#
######.#
#.....†.# ##.##
#......#
##.##.####
##...##
#.######
...##.# #.....#
#.# ..###l#
######...####.#
..# #.#
..............#
..# #..
######.#######
..# ### #.# ..#
#@# ..# ##r####
..# #S....# .(#
#..##.# ..#
#... # ..#
#.... ..#
...... ..#
##.....# ..#
#.....#


You could see a quokka and a ball python.

Vanquished Creatures
  2 giant cockroaches (D:1)
  A hobgoblin (D:1)
  A ball python (D:1)
  A frilled lizard (D:1)
  A kobold (D:1)
6 creatures vanquished.

Notes
Turn   | Place    | Note
-------+----------+-------------------------------------------
     0 | D:1      | zenocrate the Ghoul Earth Elementalist began the quest for
                  | the Orb.
     0 | D:1      | Reached XP level 1. HP: 14/14 MP: 3/3
    73 | D:1      | Reached skill level 1 in Unarmed Combat
   193 | D:1      | Slain by a quokka

Illustrated notes

Levels and vault maps discovered:
D:1:      dpeg_arrival_solitude, layout_loops_corners

Skill      XL: |  1 |
---------------+----+-----
Unarmed Combat | 1 |  1.5
Dodging        | |  1.7
Stealth        | |  2.1
Spellcasting   | |  1.7
Conjurations   | |  0.7
Earth Magic    | |  3.2

Action                     || total
---------------------------++-------
  Melee: Unarmed           ||    26
   Stab: Sleeping          ||     2
 Armour: Robe              ||    24
  Dodge: Dodged            ||    10

Table legend: (Time is in decaauts)
 A = Elapsed time spent in this place.
 B = Non-inter-level travel time spent in this place.
 C = Inter-level travel time spent in this place.
 D = Time resting spent in this place.
 E = Time spent auto-exploring this place.
 F = Levels seen in this place.
 G = Mean time per level.
                   A        B        C        D        E       F      G
               +--------+--------+--------+--------+--------+-----+--------+
         Total |    192 |    192 |      0 |      0 |    144 |   1 |  192.0 |
       Dungeon |    192 |    192 |      0 |      0 |    144 |   1 |  192.0 |
               +--------+--------+--------+--------+--------+-----+--------+

Top non-repeatable levels by time:
     D:1: 192 daAuts
